 Dungeon Crawl Stone Soup version 0.31-a0-214-gb37851d (webtiles) character file.

Game seed: 4622922885967361378

319 lyrin the Skirmisher (level 6, -3/36 HPs)
             Began as a Deep Elf Hunter on July 1, 2023.
             Was an Initiate of Dithmenos.
             Slain by an ice beast (7 damage)
             ... on level 5 of the Dungeon.
             The game lasted 00:06:14 (4245 turns).

lyrin the Skirmisher (Deep Elf Hunter)              Turns: 4245, Time: 00:06:15

Health: -3/36      AC:  7    Str:  8    XL:     6   Next: 21%
Magic:  8/8        EV: 13    Int: 14    God:    Dithmenos [......]
Gold:   245        SH:  0    Dex: 20    Spells: 5/5 levels left

rFire   . . .        n - +1 dagger (elec)
rCold   . . .        (no shield)
rNeg    . . .        c - +0 leather armour
rPois   .            u - +2 helmet
rElec   .            f - +0 cloak
rCorr   .            (no gloves)
SInv    +            (no boots)
Will    .....        r - amulet of regeneration
Stlth   ++           j - ring of see invisible
HPRegen 1.06/turn    (no ring)
MPRegen 0.11/turn

%: no passive effects
@: no status effects
A: no striking features
a: Renounce Religion


You were on level 5 of the Dungeon.
You worshipped Dithmenos.
Dithmenos was noncommittal.
You visited 1 branch of the dungeon, and saw 6 of its levels.

You collected 245 gold pieces.

Inventory:

Hand Weapons
 a - a +0 shortbow
 n - a +1 dagger of electrocution (weapon)
Missiles
 x - 6 poisoned darts (quivered)
Armour
 c - a +0 leather armour (worn)
 f - a +0 cloak (worn)
 u - a +2 helmet (worn)
Jewellery
 j - a ring of see invisible (left hand)
 m - a ring of fire
 r - an amulet of regeneration (around neck)
Wands
 w - a wand of polymorph (13)
Scrolls
 b - a scroll of butterflies
 e - 3 scrolls of teleportation
 h - 5 scrolls of identify {unknown}
 k - 2 scrolls of immolation {unknown}
 t - a scroll of poison {unknown}
 v - a scroll of fear {unknown}
Potions
 d - 6 potions of curing {unknown}
 g - a potion of magic {unknown}
 i - a potion of lignification {unknown}
 l - a potion of degeneration {unknown}
 o - a potion of berserk rage {unknown}
 p - a potion of enlightenment {unknown}
 q - a potion of mutation {unknown}
 s - 2 potions of haste {unknown}


   Skills:
 + Level 2.5 Fighting
 + Level 8.6 Ranged Weapons
 + Level 1.6 Armour
 + Level 3.0 Dodging
 - Level 1.2 Stealth


You had 5 spell levels left.
You didn't know any spells.
Your spell library contained the following spells:

 Spells                   Type           Power      Damage    Failure   Level
 Beastly Appendage        Tmut           0%         N/A       38%         1
 Blink                    Tloc           0%         N/A       52%         2
 Lesser Beckoning         Tloc           0%         N/A       52%         2
 Momentum Strike          Conj/Tloc      0%         3d8       52%         2
 Wereblood                Tmut           0%         N/A       52%         2
 Hailstorm                Conj/Ice       0%         3d3       77%         3
 Spider Form              Tmut/Pois      0%         N/A       77%         3
 Ice Form                 Ice/Tmut       0%         N/A       99%         4
 Simulacrum               Ice/Necr       0%         N/A       100%        6


Dungeon Overview and Level Annotations

Branches:
Dungeon (6/15)             Temple (0/1) D:5

Altars:
Cheibriados
Dithmenos
Gozag
Makhleb
Nemelex Xobeh
Qazlal
Ru
Yredelemnul

Shops:
D:2 :

Annotations:
D:4 1 exclusion


Message History

The ogre is severely wounded.
The ogre closely misses you.
You closely miss the ogre.
The ogre is severely wounded.
The ice beast misses you. The ogre barely misses you.
You climb upwards.
There is a stone staircase leading down here.
Unknown command.
You hit the ogre.
The ogre is severely wounded.
The ice beast hits you. The ice beast freezes you. The ogre misses you.
You hit the ogre.
The ogre is severely wounded.
The ice beast closely misses you.
Unknown command.
You hit the ogre but do no damage.
The ogre is severely wounded.
The ice beast hits you. The ice beast freezes you!
The ogre hits you with a +0 giant club.
You hit the ogre.
The ogre is almost dead.
The ice beast barely misses you. The ogre misses you.
Unknown command.
You barely miss the ogre.
The ogre is almost dead.
The ice beast hits you but does no damage.
You hit the ogre.
The ogre is almost dead.
The ice beast misses you.
The ogre hits you with a +0 giant club!!
Ouch! That really hurt!
* * * LOW HITPOINT WARNING * * *
Unknown command.
You hit the ogre.
You kill the ogre!
Dithmenos accepts your kill. The ice beast hits you.
* * * LOW HITPOINT WARNING * * *
The ice beast freezes you!
You die...

#.........###........
#..[.................
##...................
#...................
#.............####..
##.<...#............
#..................
#Y..[....##..#####.
#######@......##..# ##.
#.......).#...##..####..
########..........##....
#...............#
#.............###
###...........#
#...........###
#######..............
#...##.......(.......


You could see an ice beast.

Vanquished Creatures
  An ogre (D:5)
  An orc priest (D:5)
  A hound (D:5)
  A scorpion zombie (D:3)
  A hound zombie (D:3)
  3 hound skeletons (D:3)
  A gnoll (D:4)
  6 adders
  A shadow imp (D:3)
  An adder zombie (D:3)
  An adder skeleton (D:3)
  A worm (D:4)
  6 orcs
  10 endoplasms
  4 giant cockroaches
  7 goblins
  8 hobgoblins
  4 jackals (D:4)
  A quokka (D:2)
  5 ball pythons
  5 bats
  7 frilled lizards
  12 kobolds
  3 quokka zombies (D:3)
  9 rats
100 creatures vanquished.

Notes
Turn   | Place    | Note
-------+----------+-------------------------------------------
     0 | D:1      | lyrin the Deep Elf Hunter began the quest for the Orb.
     0 | D:1      | Reached XP level 1. HP: 12/12 MP: 3/3
   185 | D:1      | Reached XP level 2. HP: 16/16 MP: 4/4
   478 | D:1      | Reached skill level 6 in Ranged Weapons
   497 | D:1      | Found a faded altar of an unknown god.
   655 | D:2      | Found Igirumnaesh's Book Boutique.
   658 | D:2      | Reached XP level 3. HP: 21/21 MP: 5/5
  1350 | D:3      | Reached skill level 7 in Ranged Weapons
  1350 | D:3      | Reached XP level 4. HP: 26/26 MP: 6/6
  1613 | D:3      | Reached XP level 5. HP: 26/30 MP: 7/7
  1619 | D:3      | Found a sparkling altar of Nemelex Xobeh.
  1623 | D:3      | Reached skill level 1 in Armour
  1854 | D:3      | Found a stormy altar of Qazlal.
  2070 | D:4      | Reached skill level 8 in Ranged Weapons
  2658 | D:4      | Noticed an ice beast
  2932 | D:5      | Entered Level 5 of the Dungeon
  2968 | D:5      | Noticed a two-headed ogre
  3149 | D:5      | Reached XP level 6. HP: 34/36 MP: 8/8
  3256 | D:5      | Found a sacrificial altar of Ru.
  3679 | D:5      | Found a burning altar of Makhleb.
  3684 | D:5      | Found a basalt altar of Yredelemnul.
  3687 | D:5      | Found a shadowy altar of Dithmenos.
  3688 | D:5      | Found a snail-covered altar of Cheibriados.
  3688 | D:5      | Found an opulent altar of Gozag.
  3779 | D:5      | Became a worshipper of Dithmenos the Shadowed
  3921 | D:5      | Found a staircase to the Ecumenical Temple.
  4232 | D:6      | Noticed an ice beast
  4245 | D:5      | Slain by an ice beast

Illustrated notes

Levels and vault maps discovered:
D:1:      tarquinn_simple_flora_water_d, layout_loops_cross,
          chequers_ecumenical_altar_lobes
D:2:      layout_basic, serial_shops, nicolae_book_shop_shelving
D:3:      layout_loops_ring, nicolae_qazlal_eye_of_the_storm,
          nemelex_xobeh_ov_fountains_minmay, serial_undead, serial_undead_d,
          serial_undead_d, serial_undead_d, serial_undead_c,
          minmay_misc_feat_rows
D:4:      minmay_chambers_of_fours, layout_cave_pods
D:5:      layout_layer_cave, mainiacjoe_overflow_paths,
          grunt_temple_overflow_open, minmay_temple_entry_antechambers
D:6:      layout_loops_cross, serial_bayou_pond_e, chequers_decorated_corner

Skill      XL: |  1  2  3  4  5 |
---------------+----------------+-----
Ranged Weapons | 6 7 8 |  8.6
Dodging        | 3 |  3.0
Armour         | 1 |  1.6
Fighting       | 2 |  2.5
Stealth        | |  1.2

Action                     |  1- 3 |  4- 6 || total
---------------------------+-------+-------++-------
  Melee: Dagger            |       |    10 ||    10
   Fire: Shortbow          |   115 |   168 ||   283
  Throw: Dart              |       |     3 ||     3
    Use: Scroll            |     1 |       ||     1
   Stab: Sleeping          |       |     1 ||     1
 Armour: Leather armour    |     8 |    20 ||    28
  Dodge: Dodged            |    22 |    33 ||    55

Table legend: (Time is in decaauts)
 A = Elapsed time spent in this place.
 B = Non-inter-level travel time spent in this place.
 C = Inter-level travel time spent in this place.
 D = Time resting spent in this place.
 E = Time spent auto-exploring this place.
 F = Levels seen in this place.
 G = Mean time per level.
                   A        B        C        D        E       F      G
               +--------+--------+--------+--------+--------+-----+--------+
         Total |   4271 |   3980 |    291 |      0 |   3302 |   6 |  711.8 |
       Dungeon |   4271 |   3980 |    291 |      0 |   3302 |   6 |  711.8 |
               +--------+--------+--------+--------+--------+-----+--------+

Top non-repeatable levels by time:
     D:5: 1256 daAuts
     D:4: 965 daAuts
     D:3: 744 daAuts
     D:1: 658 daAuts
     D:2: 640 daAuts
     D:6: 5 daAuts
